F3riG vs Rei

Match 23875883
End
Pioneer Squad
Construct Infanterie Kompanie
Selects Breakthrough Battlegroup
Selects Assault Grenadiers
Grenadier Squad
Grenadier Squad
MG 42 Machine Gun Team
Grenadier Squad
Infanterie Officer Quarters
Construct Luftwaffe Kompanie
221 Scout Car
Selects Breakthrough
Selects Mechanized Assault Group
Mechanized Assault Group
Breakthrough
Jäger Squad
Selects Rapid Production
Construct Panzer Kompanie
GrW 34 Mortar Team
Selects Blitzkrieg
Panzer IV Medium Tank
Panzer IV Medium Tank
Blitzkrieg
Panzer IV Medium Tank
Breakthrough
Panzer IV Medium Tank
Selects Tiger Heavy Tank
Stoßtruppen Squad
Blitzkrieg
FeriG
Rei
0
0

Comments sign in to comment!

No comments posted yet!